 Dungeon Crawl Stone Soup version 0.30-a0-578-gdee14c521f (webtiles) character file.

Game seed: 5886830747911596332

388924 cforsyth the Middleweight Champion (level 23, -23/201 HPs)
             Began as a Ghoul Monk on Dec 31, 2022.
             Was a High Priest of Okawaru.
             Killed by dispel undead
             ... invoked by a Tzitzimitl
             ... summoned by a deep elf demonologist
              (73 damage)
             ... on level 3 of the Elven Halls.
             The game lasted 02:01:39 (62288 turns).

cforsyth the Middleweight Champion (Ghoul Monk)    Turns: 62288, Time: 02:01:40

Health: -23/201    AC: 45    Str: 32    XL:     23   Next: 5%
Magic:  30/30      EV: 10    Int:  6    God:    Okawaru [*****.]
Gold:   1914       SH: 14    Dex: 10    Spells: 22/22 levels left

rFire   + + +      SeeInvis .      - Unarmed
rCold   + + +      Faith    .    B - +2 kite shield
rNeg    + + +      Spirit   .    R - +7 crystal plate armour of Ruciodiwk {rElec Dex+6 Stlth+}
rPois   ∞          Reflect  .    a - +1 helmet
rElec   +          Harm     .    S - +2 cloak {rCorr}
rCorr   +          Rampage  +    U - +1 pair of gloves of Ceasil {Rampage rF+++ Int+6 Dex-5}
Will    ++++.                    I - +1 pair of boots Stlth
                                 (no amulet)
HPRegen 0.00/turn                A - ring "Miklypt" {rC++ Will+++ rCorr Int-5 Dex-2}
MPRegen 0.22/turn                n - +6 ring of strength

@: about to teleport, inhibited regen, slowed, studying 3 skills, very slow
A: claws 1, cold resistance 1, negative energy resistance 3, inhibited
regeneration, torment resistance 2, devour on kill
}: 2/15 runes: decaying, serpentine
a: Renounce Religion, Heroism, Finesse, Duel


You were on level 3 of the Elven Halls.
You worshipped Okawaru.
Okawaru was extremely pleased with you.
You visited 8 branches of the dungeon, and saw 38 of its levels.
You visited 1 bazaar.
You also visited: Wizlab and Desolation.

You collected 4076 gold pieces.
You spent 2162 gold pieces at shops.

Inventory:

Missiles
 H - a throwing net (quivered)
Armour
 a - a +1 helmet (worn)
 x - the +0 pair of gloves of Suanluoh {rElec Str+7 Stlth+}
   (You found it on level 12 of the Dungeon)

   Str:       It affects your strength (+7).
   rElec:     It insulates you from electricity.
   Stlth:     It makes you more stealthy.
 B - a +2 kite shield (worn)
 I - a +1 pair of boots (worn)
 R - the +7 crystal plate armour of Ruciodiwk (worn) {rElec Dex+6 Stlth+}
   (Okawaru gifted it to you on level 2 of the Swamp)

   Dex:       It affects your dexterity (+6).
   rElec:     It insulates you from electricity.
   Stlth:     It makes you more stealthy.
 S - a +2 cloak of preservation (worn)
 U - the +1 pair of gloves of Ceasil (worn) {Rampage rF+++ Int+6 Dex-5}
   (Okawaru gifted it to you on level 2 of the Vaults)

   Int:       It affects your intelligence (+6).
   Dex:       It affects your dexterity (-5).
   rF:        It renders you almost immune to fire.
   Rampage:   It bestows one free step when moving towards enemies.
 X - the +1 pair of boots of Abstinence {Stlth+}
   (You found it in the Desolation of Salt)

   Stlth:     It makes you more stealthy.
Jewellery
 h - a +5 ring of evasion
 n - a +6 ring of strength (right hand)
 o - a ring of protection from fire
 u - the ring "Vucekh" {rPois rF- rCorr Int+6 Dex+5}
   (You found it on level 3 of the Vaults)

   [ring of intelligence]

   Int:       It affects your intelligence (+6).
   Dex:       It affects your dexterity (+5).
   rF:        It makes you vulnerable to fire.
   rPois:     It protects you from poison.
   rCorr:     It protects you from acid and corrosion.
 A - the ring "Miklypt" (left hand) {rC++ Will+++ rCorr Int-5 Dex-2}
   (You found it in the Desolation of Salt)

   [ring of resist corrosion]

   Int:       It affects your intelligence (-5).
   Dex:       It affects your dexterity (-2).
   rC:        It greatly protects you from cold.
   rCorr:     It protects you from acid and corrosion.
   Will:      It greatly increases your willpower.
 K - a ring of ice
 N - an amulet of guardian spirit
 O - a ring of ice
 P - an amulet of regeneration
 T - a +6 ring of strength
 V - the amulet "Yggyfyn" {rN++ Regen+ rCorr Str-5 Dex-2}
   (You found it in the Desolation of Salt)

   [amulet of regeneration]

   Str:       It affects your strength (-5).
   Dex:       It affects your dexterity (-2).
   rN:        It greatly protects you from negative energy.
   Regen:     It increases your rate of health regeneration.
   rCorr:     It protects you from acid and corrosion.
 W - the ring of the Curious Ships {rPois rF+ rC+ Str-3 Dex+4}
   (You took it off a ragged hierophant in the Desolation of Salt)

   [ring of protection from cold]

   Str:       It affects your strength (-3).
   Dex:       It affects your dexterity (+4).
   rF:        It protects you from fire.
   rC:        It protects you from cold.
   rPois:     It protects you from poison.
 Y - the amulet "Buintu" {Reflect Contam Will+ Regen+ SH+5}
   (You found it in the Desolation of Salt)

   [amulet of reflection]

   It reflects blocked missile attacks.
   Contam:    It causes magical contamination when unequipped.
   Regen:     It increases your rate of health regeneration.
   SH:        It affects your SH (+5).
   Will:      It increases your willpower.
 Z - a ring of willpower
Wands
 g - a wand of digging (20)
 k - a wand of paralysis (25)
 t - a wand of acid (43)
 w - a wand of flame (111)
 C - a wand of polymorph (10)
 M - a wand of iceblast (14)
Scrolls
 c - 2 scrolls of silence
 e - 10 scrolls of fog
 i - a scroll of amnesia
 j - 12 scrolls of enchant weapon
 l - 9 scrolls of poison
 p - 15 scrolls of identify
 q - 14 scrolls of teleportation
 r - 10 scrolls of enchant armour
 s - 6 scrolls of vulnerability
 y - 2 scrolls of torment
 D - 3 scrolls of fear
 F - 2 scrolls of brand weapon
Potions
 b - 6 potions of ambrosia
 d - 12 potions of curing
 f - 6 potions of brilliance
 m - 2 potions of might
 v - 8 potions of flight
 z - 4 potions of cancellation
 E - 5 potions of resistance
 G - 4 potions of haste
 J - 2 potions of magic
 L - 9 potions of invisibility
 Q - 6 potions of attraction


   Skills:
 + Level 15.8 Fighting
 + Level 18.4 Armour
 + Level 12.7 Dodging
 - Level 8.0 Stealth
 + Level 13.4 Shields
 O Level 27 Unarmed Combat
 - Level 11.7 Invocations


You had 22 spell levels left.
You didn't know any spells.
Your spell library contained the following spells:

 Spells                   Type           Power      Damage    Failure   Level
 Apportation              Tloc           0%         N/A       100%        1
 Freeze                   Ice            0%         1d3       100%        1
 Kiss of Death            Conj/Necr      0%         2d5       100%        1
 Magic Dart               Conj           0%         1d3       100%        1
 Sandblast                Erth           0%         2d4       100%        1
 Slow                     Hex            0%         N/A       100%        1
 Sting                    Tmut/Pois      0%         1d3       100%        1
 Blink                    Tloc           0%         N/A       100%        2
 Cigotuvi's Dreadful Rot  Necr/Pois/Air  0%         N/A       100%        2
 Momentum Strike          Conj/Tloc      0%         3d8       100%        2
 Passwall                 Tmut/Erth      0%         N/A       100%        2
 Poisonous Vapours        Pois/Air       0%         N/A       100%        2
 Confusing Touch          Hex            0%         N/A       100%        3
 Frozen Ramparts          Ice            0%         1d1       100%        3
 Gell's Gravitas          Tloc           0%         N/A       100%        3
 Hailstorm                Conj/Ice       0%         3d3       100%        3
 Ignite Poison            Fire/Tmut/Pois 0%         N/A       100%        3
 Kindle Blastsparks       Fire/Tloc/Air  0%         2d10      100%        3
 Lesser Beckoning         Tloc           0%         N/A       100%        3
 Mephitic Cloud           Conj/Pois/Air  0%         N/A       100%        3
 Portal Projectile        Hex/Tloc       0%         N/A       100%        3
 Stone Arrow              Conj/Erth      0%         3d7       100%        3
 Teleport Other           Tloc           0%         N/A       100%        3
 Vampiric Draining        Necr           0%         2d6       100%        3
 Airstrike                Air            0%         2d(0-16)  100%        4
 Anguish                  Hex/Necr       0%         N/A       100%        4
 Dispel Undead            Necr           0%         3d6       100%        4
 Fulminant Prism          Conj/Hex       0%         3d5       100%        4
 Iskenderun's Mystic Bla  Conj/Tloc      0%         2d3       100%        4
 Leda's Liquefaction      Hex/Erth       0%         N/A       100%        4
 Olgreb's Toxic Radiance  Pois           0%         N/A       100%        4
 Passage of Golubria      Tloc           0%         N/A       100%        4
 Alistair's Intoxication  Tmut/Pois      0%         N/A       100%        5
 Borgnjor's Vile Clutch   Necr/Erth      0%         N/A       100%        5
 Fireball                 Conj/Fire      0%         3d3       100%        5
 Freezing Cloud           Conj/Ice/Air   0%         6-21      100%        5
 Iskenderun's Battlesphe  Conj           0%         2d6       100%        5
 Lee's Rapid Deconstruct  Erth           0%         3d4*      100%        5
 Lightning Bolt           Conj/Air       0%         1d11      100%        5
 Yara's Violent Unravell  Hex/Tmut       0%         3d3       100%        5
 Conjure Ball Lightning   Conj/Air       0%         3x3d6     100%        6
 Dispersal                Tloc           0%         N/A       100%        6
 Eringya's Noxious Bog    Tmut/Pois      0%         N/A       100%        6
 Enfeeble                 Hex            0%         N/A       100%        7
 Orb of Destruction       Conj           0%         9d5       100%        7
 Lehudib's Crystal Spear  Conj/Erth      0%         10d2      100%        8
 Call Imp                 Summ           Unusable   N/A       N/A         2
 Call Canine Familiar     Summ           Unusable   N/A       N/A         3
 Tukima's Dance           Hex            Unusable   N/A       N/A         3
 Animate Armour           Summ/Erth      Unusable   N/A       N/A         4
 Summon Lightning Spire   Summ/Air       Unusable   N/A       N/A         4
 Summon Forest            Summ/Tloc      Unusable   N/A       N/A         5
 Summon Hydra             Summ           Unusable   N/A       N/A         7

Dungeon Overview and Level Annotations

Branches:
Dungeon (15/15)            Temple (1/1) D:6            Lair (5/5) D:11
  Swamp (4/4) Lair:3        Snake (4/4) Lair:3        Slime (0/5) Lair:4
    Orc (2/2) D:9             Elf (3/3) Orc:2        Vaults (4/5) D:13
  Crypt (0/3) Vaults:2     Depths (0/4) D:15         WizLab (visited)
Desolation (visited)

Altars:
Ashenzari
Dithmenos
Fedhas
Gozag
Kikubaaqudgha
Makhleb
Nemelex Xobeh
Okawaru
Qazlal
Ru
Sif Muna
Trog
Uskayaw
Vehumet
Wu Jian
Xom
Yredelemnul
Jiyva

Shops:
D:5 ?   Orc:1 [   Orc:2 ([=*   Elf:1 (   Vaults:2 **:   Vaults:3 :

Portals:
Hell: Lair:5
Trove: D:10 (lose all piety)

Annotations:
Snake:3 Bai Suzhen
Elf:1 6 runed translucent doors
Vaults:2 Mennas


Innate Abilities, Weirdness & Mutations

You are immune to poison.
You have sharp fingernails.
Your flesh is cold resistant. (rC+)
You are immune to negative energy. (rN+++)
You do not regenerate when monsters are visible.
You are immune to unholy pain and torment.
You thrive by killing the living.


Message History

The deep elf archer unwields a +0 long sword.
The deep elf archer wields a +0 shortbow.
The deep elf archer shoots an arrow.
The arrow closely misses you.
The deep elf demonologist casts a spell.
The deep elf annihilator casts a spell at you.
The poison arrow hits you! You partially resist.
The deep elf demonologist casts a spell.
There is an open door, spattered with blood here.
Items here: ))) ††.
The deep elf demonologist attacks as you move away!
You block the deep elf demonologist's attack.
You squash the Tzitzimitl like an ant!!!
The Tzitzimitl is moderately wounded.
Unknown command.
You squash the Tzitzimitl like an ant!!!
The Tzitzimitl is severely wounded.
You block the Tzitzimitl's attack. x2
You hit the Tzitzimitl but do no damage.
The Tzitzimitl is severely wounded.
You barely miss the Tzitzimitl.
The Tzitzimitl is severely wounded.
The Tzitzimitl gestures at you.
You convulse!
The deep elf annihilator gestures wildly while chanting.
The deep elf annihilator blinks!
You closely miss the Tzitzimitl.
The Tzitzimitl is severely wounded.
The deep elf archer shoots an arrow.
You block the arrow. The Tzitzimitl engulfs you.
* * * LOW HITPOINT WARNING * * *
The Tzitzimitl drains your vigour!
You feel yourself slow down.
The Tzitzimitl bites you but does no damage.
Unknown command.
As you read the scroll of teleportation, it crumbles to dust.
You feel strangely unstable.
The deep elf archer shoots an arrow.
The arrow hits you!
* * * LOW HITPOINT WARNING * * *
The Tzitzimitl gestures at you.
You convulse!
You die...

.................................
.................................
.........................).......
........).............))..)......
≈~~~~~~~~~~~≈≈~~≈~~~≈).)~~~~~~~~~
≈≈≈≈≈≈≈≈~≈≈≈≈≈≈≈≈≈~~≈≈.)~≈)≈~≈≈≈≈
######################)'#########
.....^.........................
................@))))..........
##'##############1#e###########
......)..#.......4#))...#
.........#..e....e))....#..
...^.....|......ee#....e'e.
##############...########## #.e##
#e.# #e.#


You could see a Tzitzimitl (summoned), a deep elf demonologist, an orange demon
(summoned), a deep elf archer (repels missiles) and a deep elf pyromancer.

Vanquished Creatures
  Mara (Snake:3)
  Vashnia (Snake:4)
  Nikola (Arena)
  Jory (Vaults:2)
  Rupert (Snake:1)
  Jorgrun (Elf:2)
  2 tentacled monstrosities
  Asterion (Elf:2)
  3 deep elf master archers (WizLab)
  A sphinx (Vaults:2)
  Frances (Swamp:1)
  Kirke (Snake:3)
  6 thorn hunters
  Donald (Swamp:1)
  A tengu reaver (Vaults:2)
  4 fenstrider witches
  12 nagarajas
  7 deep elf sorcerers
  7 vault wardens
  4 deep elf elementalists (Elf:3)
  An imperial myrmidon (Desolation)
  A ghoul (Vaults:2)
  The ghost of bmack86 the Severer, a journeyman MiFi of Okawaru (D:12)
  Aizul (Snake:1)
  2 war gargoyles (Vaults:4)
  5 orc warlords
  12 ironbound preservers
  A very ugly thing (D:14)
  4 ironbound thunderhulks
  A stone giant (D:15)
  3 vampire knights
  The ghost of asd2613 the Severer, a journeyman HOCA of Beogh (Orc:2)
  3 deep elf demonologists
  Nessos (D:13)
  3 eleionomae
  8 dire elephants
  6 bunyips
  2 halazid warlocks (Desolation)
  An eidolon (Vaults:2)
  8 deep elf annihilators
  3 deep elf death magi
  3 crystal guardians
  An ettin (Vaults:2)
  5 deep elf high priests
  8 ragged hierophants (Desolation)
  3 shambling mangroves
  8 yaktaur captains
  6 entropy weavers
  Fannar (Lair:2)
  2 great orbs of eyes (Vaults:1)
  The ghost of Puis the Skirmisher, a journeyman DgIE (Lair:2)
  5 vault guards
  10 servants of whispers
  Erolcha (D:12)
  13 anacondas
  5 salamander tyrants
  A catoblepas (D:13)
  10 peacekeepers
  18 hydras
  3 ironbound frosthearts
  2 ogre magi (D:15)
  7 boulder beetles
  3 ghost crabs
  22 dancing weapons
  A satyr (WizLab)
  A hell beast (Lair:5)
  14 centaur warriors
  13 naga warriors
  10 two-headed ogres
  13 alligators
  5 tengu warriors
  2 orc high priests (Orc:2)
  7 death yaks
  Urug (D:13)
  4 spriggan berserkers
  32 naga sharpshooters
  7 shock serpents
  24 deep elf knights
  Nergalle (Orc:2)
  4 salamander mystics
  A goliath frog (shapeshifter) (Vaults:2)
  2 death drakes
  7 goliath frogs
  5 spriggan druids
  2 flayed ghosts (Swamp:4)
  A glowing orange brain (Vaults:1)
  8 naga ritualists
  33 deep trolls
  3 spectral hydras (Swamp:4)
  12 deep elf archers
  6 bog bodies
  10 swamp dragons
  10 ironbound convokers
  34 deep elf pyromancers
  2 phantasmal warriors (Swamp:4)
  16 orc knights
  6 wizards
  A necromancer (Vaults:1)
  7 ugly things
  6 will-o-the-wisps
  29 deep elf zephyrmancers
  12 mana vipers
  7 fauns (WizLab)
  6 oklob plants
  3 orc sorcerers
  19 salamanders
  5 cyclopes
  A stone giant zombie (Vaults:1)
  2 manticores
  13 vault sentinels
  11 elephants
  17 naga magi
  11 cane toads
  A smoke demon (Lair:5)
  A gargoyle (D:12)
  37 black mambas
  9 guardian serpents
  2 demonic crawlers (D:14)
  A molten gargoyle (Desolation)
  Maggie (D:6)
  An elf skeleton (Vaults:1)
  21 yaktaurs
  6 rime drakes
  An orange demon (Lair:5)
  3 ice devils (Lair:5)
  2 freezing wraiths
  11 komodo dragons
  3 tengu conjurers (D:13)
  2 polar bears
  A death drake zombie (Swamp:4)
  8 trolls
  2 red devils (Lair:5)
  A bloated husk (Swamp:1)
  A hydra zombie (Swamp:4)
  11 hornets
  A wolf spider simulacrum (D:15)
  3 tyrant leeches
  2 hydra skeletons (Swamp:4)
  66 saltlings
  26 blink frogs
  A snapping turtle (shapeshifter) (Elf:2)
  6 dream sheep (Lair:4)
  A death drake skeleton (Swamp:4)
  A culicivora (shapeshifter) (Orc:2)
  A jumping spider (shapeshifter) (D:14)
  12 spriggans
  2 shadows
  2 vampires
  7 air elementals
  4 wraiths
  3 wyverns
  4 fire elementals
  26 slime creatures
  Sigmund (D:2)
  A hog (Snake:3)
  2 water elementals
  19 humans
  7 basilisks
  58 yaks
  A chaos spawn (D:14)
  A neqoxec (D:14)
  6 vampire mosquitoes
  A steam dragon (D:8)
  7 redbacks
  9 swamp worms
  2 acid dragons
  3 hydra simulacra (Swamp:4)
  Menkaure (D:6)
  49 nagas
  3 wargs
  21 water moccasins
  2 large abominations (D:14)
  3 hell hounds (Lair:5)
  8 swamp drakes
  29 orc warriors
  3 ice beasts
  3 sky beasts
  A swamp dragon zombie (Swamp:4)
  An orc zombie (Vaults:1)
  2 black bears
  9 wolves
  8 ogres
  A boggart (Vaults:2)
  15 centaurs
  A kobold brigand (D:8)
  2 phantoms (D:5)
  12 bullfrogs
  Blork the orc (Orc:1)
  A human zombie (Vaults:1)
  2 necrophages
  3 earth elementals
  5 small abominations (D:14)
  A gnoll sergeant (D:13)
  3 scorpions
  13 wights
  19 killer bees
  3 electric eels (Lair:3)
  5 howler monkeys
  5 crimson imps
  A wyvern simulacrum (D:8)
  21 orc priests
  7 hounds
  A gnoll bouda (D:8)
  Crazy Yiuf (D:6)
  6 iguanas
  21 orc wizards
  The ghost of drugrobin the Sneak, a weakling DgDe (D:4)
  A centaur simulacrum (D:8)
  12 gnolls
  6 adders
  4 white imps (D:8)
  5 ufetubi
  3 worms
  2 dart slugs (D:1)
  77 orcs
  10 ball pythons
  10 endoplasms
  5 giant cockroaches
  10 goblins
  11 hobgoblins
  3 jackals
  3 quokkas
  11 bats
  A frilled lizard (D:2)
  12 kobolds
  6 rats
  3 briar patches
  3 pillars of salt (Desolation)
1614 creatures vanquished.

Vanquished Creatures (others)
  A deep elf knight (Elf:1)
  A deep elf archer (Elf:2)
  A wizard (Lair:5)
  A deep elf pyromancer (Elf:1)
  A bloated husk (Swamp:1)
  A spriggan (Swamp:1)
  A swamp worm (Lair:3)
  An orc priest (Elf:1)
  An orc (Elf:1)
  10 briar patches
  28 foxfires
  58 fungi
  A pillar of salt (Desolation)
  48 plants
154 creatures vanquished.

Grand Total: 1768 creatures vanquished

Notes
Turn   | Place    | Note
-------+----------+-------------------------------------------
     0 | D:1      | cforsyth the Ghoul Monk began the quest for the Orb.
     0 | D:1      | Reached XP level 1. HP: 19/19 MP: 0/0
   235 | D:1      | You fall into a shaft and drop 1 floor!
   249 | D:2      | Reached XP level 2. HP: 26/26 MP: 1/1
   349 | D:2      | Reached skill level 4 in Unarmed Combat
   349 | D:2      | Reached XP level 3. HP: 27/33 MP: 2/2
   759 | D:1      | Reached XP level 4. HP: 30/41 MP: 3/3
  1634 | D:2      | Noticed Sigmund
  1644 | D:2      | Killed Sigmund
  1645 | D:2      | Reached skill level 5 in Fighting
  1645 | D:2      | Reached skill level 1 in Armour
  1645 | D:2      | Reached skill level 5 in Unarmed Combat
  1645 | D:2      | Reached XP level 5. HP: 43/48 MP: 4/4
  1645 | D:2      | Reached XP level 6. HP: 50/56 MP: 5/5
  1787 | D:3      | Found a shimmering blue altar of Sif Muna.
  1923 | D:3      | Found a faded altar of an unknown god.
  1935 | D:3      | Found an ancient bone altar of Kikubaaqudgha.
  1957 | D:3      | Found a sacrificial altar of Ru.
  2547 | D:3      | Found a blossoming altar of Fedhas.
  2724 | D:4      | Found a runed translucent gate.
  2724 | D:4      | Found a runed translucent gate.
  2724 | D:4      | Found a runed translucent gate.
  2724 | D:4      | Noticed drugrobin's ghost (weakling DgDe)
  2946 | D:4      | Reached XP level 7. HP: 62/62 MP: 6/6
  3170 | D:4      | Reached skill level 6 in Unarmed Combat
  3810 | D:5      | Entered Level 5 of the Dungeon
  3825 | D:5      | Reached XP level 8. HP: 68/71 MP: 7/7
  4026 | D:5      | Found an ornate altar of the Wu Jian Council.
  4254 | D:5      | Reached skill level 7 in Unarmed Combat
  4330 | D:5      | Found a shimmering altar of Xom.
  4510 | D:5      | Found a broken altar of Ashenzari.
  4598 | D:5      | Found a shadowy altar of Dithmenos.
  4797 | D:5      | Found Ruxkuuru's Magic Scroll Boutique.
  4806 | D:5      | Bought a scroll of teleportation for 33 gold pieces
  4806 | D:5      | Bought 3 scrolls of identify for 66 gold pieces
  4810 | D:5      | Bought a scroll of identify for 22 gold pieces
  4810 | D:5      | Bought a scroll of identify for 22 gold pieces
  4810 | D:5      | Bought a scroll of identify for 22 gold pieces
  5008 | D:6      | Found an opulent altar of Gozag.
  5037 | D:6      | Found a staircase to the Ecumenical Temple.
  5049 | Temple   | Entered the Ecumenical Temple
  5205 | Temple   | Became a worshipper of Warmaster Okawaru
  5205 | Temple   | Reached * piety under Okawaru
  5205 | Temple   | Reached ** piety under Okawaru
  5270 | D:6      | Noticed Maggie
  5306 | Temple   | Reached skill level 5 in Armour
  5793 | D:6      | Killed Maggie
  5794 | D:6      | Reached skill level 8 in Unarmed Combat
  5794 | D:6      | Reached XP level 9. HP: 17/81 MP: 5/8
  6173 | D:6      | Found a runed translucent door.
  6174 | D:6      | Noticed Crazy Yiuf
  6425 | D:6      | Noticed Menkaure
  6432 | D:6      | Killed Menkaure
  6950 | D:7      | Reached *** piety under Okawaru
  7255 | D:6      | Reached skill level 9 in Unarmed Combat
  7403 | D:7      | Found a radiant altar of Vehumet.
  7513 | D:7      | Reached XP level 10. HP: 48/91 MP: 9/9
  7525 | D:7      | Upgraded the game from 0.30-a0-576-g89cddaab80 to
                  | 0.30-a0-578-gdee14c521f
  7817 | D:7      | Reached **** piety under Okawaru
  8142 | D:8      | Reached skill level 1 in Invocations
  8191 | D:8      | Reached skill level 10 in Fighting
  8191 | D:8      | Reached skill level 10 in Unarmed Combat
  8198 | D:8      | Reached ***** piety under Okawaru
  9221 | D:9      | Found a staircase to the Orcish Mines.
  9337 | D:9      | Identified the +1 ring mail "Tephyo" {rCorr} (Okawaru
                  | gifted it to you on level 9 of the Dungeon)
  9337 | D:9      | Received a gift from Okawaru
  9338 | D:9      | Reached XP level 11. HP: 96/101 MP: 13/13
  9461 | D:9      | Noticed a two-headed ogre
  9477 | D:9      | Killed a two-headed ogre
  9637 | D:9      | Reached skill level 5 in Invocations
  9642 | D:9      | Reached skill level 11 in Unarmed Combat
 10152 | D:9      | Found a hide-covered altar of Uskayaw.
 10169 | D:10     | Entered Level 10 of the Dungeon
 10565 | D:10     | Found a portal to a secret trove of treasure.
 10588 | D:10     | Noticed a two-headed ogre
 10601 | D:10     | Killed a two-headed ogre
 10898 | D:10     | Noticed a wizard
 10923 | D:10     | Killed a wizard
 11326 | D:11     | Found a staircase to the Lair.
 11749 | D:11     | Reached XP level 12. HP: 106/112 MP: 13/16
 11875 | D:11     | Reached skill level 12 in Unarmed Combat
 12277 | D:12     | Noticed Erolcha
 12287 | D:12     | Found a runed translucent gate.
 12287 | D:12     | Found a runed translucent gate.
 12287 | D:12     | Noticed a ten-headed hydra
 12287 | D:12     | Noticed bmack86's ghost (journeyman MiFi)
 12288 | D:12     | Noticed a 12-headed hydra
 12296 | D:12     | Killed Erolcha
 12306 | D:12     | Received a gift from Okawaru
 12316 | D:12     | Found a runed translucent gate.
 12968 | D:12     | Reached ****** piety under Okawaru
 12968 | D:12     | Received a gift from Okawaru
 13034 | D:12     | Noticed a boulder beetle
 13060 | D:12     | HP: 4/113 [boulder beetle (7)]
 13062 | D:12     | Killed a boulder beetle
 13494 | Lair:1   | Entered Level 1 of the Lair of Beasts
 13750 | D:11     | Reached skill level 10 in Armour
 13783 | Lair:1   | Noticed a boulder beetle
 13799 | Lair:1   | Killed a boulder beetle
 14215 | Lair:1   | Reached skill level 13 in Unarmed Combat
 14445 | Lair:1   | Noticed a boulder beetle
 14463 | Lair:1   | Killed a boulder beetle
 14464 | Lair:1   | Reached XP level 13. HP: 122/122 MP: 16/18
 14731 | Lair:2   | Found a runed translucent door.
 14731 | Lair:2   | Noticed Puis's ghost (journeyman DgIE)
 14777 | Lair:1   | Identified the +1 pair of gloves "Plog" {Regen+} (Okawaru
                  | gifted it to you on level 1 of the Lair of Beasts)
 14777 | Lair:1   | Received a gift from Okawaru
 15240 | Lair:2   | Identified the +7 falchion of the Forsaken Demons {heavy,
                  | rF- Will+ Str+4 SInv}
 15493 | Lair:2   | Noticed Fannar
 15507 | Lair:2   | Killed Fannar
 16098 | Lair:3   | Reached skill level 10 in Invocations
 16102 | Lair:3   | Found a staircase to the Swamp.
 16313 | Lair:3   | Found a staircase to the Snake Pit.
 16705 | Lair:3   | Reached skill level 14 in Unarmed Combat
 16937 | Lair:3   | Identified the +1 pair of gloves "Moysaewk" {rPois}
                  | (Okawaru gifted it to you on level 3 of the Lair of Beasts)
 16937 | Lair:3   | Received a gift from Okawaru
 17675 | Lair:4   | Reached XP level 14. HP: 132/132 MP: 19/21
 18298 | Lair:4   | Found a viscous altar of Jiyva.
 18299 | Lair:4   | Found a staircase to the Slime Pits.
 18587 | Lair:5   | Entered Level 5 of the Lair of Beasts
 18968 | Lair:5   | Identified the +3 robe "Musu Ybisch" {rElec} (Okawaru
                  | gifted it to you on level 5 of the Lair of Beasts)
 18968 | Lair:5   | Received a gift from Okawaru
 19192 | Lair:5   | Found an ornate altar of the Wu Jian Council.
 19920 | Lair:4   | Reached skill level 15 in Fighting
 19945 | Lair:5   | Reached skill level 15 in Unarmed Combat
 20327 | Lair:5   | Found a burning altar of Makhleb.
 20726 | Lair:5   | Found a gateway to Hell.
 20951 | Lair:2   | Killed Puis's ghost
 21143 | D:4      | Killed drugrobin's ghost
 21272 | D:6      | Killed Crazy Yiuf
 21471 | D:12     | Received a gift from Okawaru
 21496 | D:12     | Killed bmack86's ghost
 21497 | D:12     | Reached XP level 15. HP: 59/141 MP: 9/22
 21690 | D:12     | Identified the +7 lajatang "Neoqoch" {freeze, rCorr}
 21691 | D:12     | Identified the +0 pair of gloves of Suanluoh {rElec Str+7
                  | Stlth+}
 21783 | Orc:1    | Entered Level 1 of the Orcish Mines
 21820 | Orc:1    | Found Gitel's Armour Boutique.
 22156 | Orc:2    | Entered Level 2 of the Orcish Mines
 22265 | Orc:2    | Noticed Blork the orc
 22266 | Orc:2    | Noticed an orc warlord
 22895 | Orc:1    | Killed an orc warlord
 23320 | Orc:1    | Reached skill level 5 in Dodging
 23358 | Orc:2    | Paralysed by an orc sorcerer for 4 turns
 23537 | Orc:1    | Killed Blork the orc
 23860 | Orc:2    | Noticed Nergalle
 23878 | Orc:2    | Killed Nergalle
 23945 | Orc:2    | Received a gift from Okawaru
 24047 | Orc:2    | Found Rimighuotz's Jewellery Shoppe.
 24168 | Orc:2    | Found a runed translucent door.
 24169 | Orc:2    | Found a shimmering altar of Xom.
 24169 | Orc:2    | Noticed asd2613's ghost (journeyman HOCA)
 24301 | Orc:2    | Found a staircase to the Elven Halls.
 24377 | Orc:2    | Found Ighaos's General Store.
 24383 | Orc:2    | Bought a scroll of teleportation for 39 gold pieces
 24383 | Orc:2    | Bought a scroll of identify for 26 gold pieces
 24395 | Orc:2    | Found Ebocus's Antique Armour Shoppe.
 24402 | Orc:2    | Bought a runed helmet for 195 gold pieces
 24422 | Orc:2    | Found Kungyuw's Antique Weapon Shoppe.
 24476 | Orc:2    | Reached skill level 16 in Unarmed Combat
 24482 | Orc:2    | Killed asd2613's ghost
 24488 | Orc:2    | Identified the +1 crystal plate armour of the Foremost
                  | Dreams {Dex+4}
 24820 | D:13     | Identified the +1 leather armour of the Six of Swords {Harm
                  | Str-5 Slay+2}
 24913 | D:13     | Noticed Nessos
 24933 | D:13     | Identified the +1 scale mail of the Gloaming {rCorr MP+9
                  | Int+7 Dex-3} (Okawaru gifted it to you on level 13 of the
                  | Dungeon)
 24933 | D:13     | Received a gift from Okawaru
 24950 | D:13     | Killed Nessos
 25080 | D:13     | Found a gate to the Vaults.
 25270 | D:13     | Noticed Urug
 25281 | D:13     | Killed Urug
 27188 | D:14     | Found a runed translucent door.
 27495 | D:14     | Noticed a tentacled monstrosity
 27504 | D:14     | Killed a tentacled monstrosity
 27784 | D:15     | Entered Level 15 of the Dungeon
 27929 | D:15     | Reached XP level 16. HP: 149/149 MP: 23/23
 27957 | D:15     | Identified the +0 kite shield of Inviolability {Rampage
                  | rPois Regen+} (Okawaru gifted it to you on level 15 of the
                  | Dungeon)
 27957 | D:15     | Received a gift from Okawaru
 28238 | D:15     | Reached skill level 17 in Unarmed Combat
 28464 | D:15     | Found a hide-covered altar of Uskayaw.
 28759 | D:15     | Found a staircase to the Depths.
 29195 | Snake:1  | Entered Level 1 of the Snake Pit
 29652 | Snake:1  | Noticed Aizul
 29665 | Snake:1  | Killed Aizul
 29810 | Snake:1  | Noticed Rupert
 29826 | Snake:1  | Killed Rupert
 30383 | Snake:1  | Reached skill level 18 in Unarmed Combat
 30839 | Snake:1  | Reached skill level 15 in Armour
 30999 | Snake:2  | Identified the +4 ring mail of Okawaru's Envy {rF+ Regen+
                  | Slay+5} (Okawaru gifted it to you on level 2 of the Snake
                  | Pit)
 30999 | Snake:2  | Received a gift from Okawaru
 31712 | Snake:3  | Reached XP level 17. HP: 156/156 MP: 24/24
 31832 | Snake:3  | Noticed Mara
 31856 | Snake:3  | Killed Mara
 31857 | Snake:3  | Reached skill level 19 in Unarmed Combat
 32197 | Snake:3  | Noticed Bai Suzhen
 32235 | Snake:3  | Received a gift from Okawaru
 32725 | Snake:3  | Noticed Kirke
 32741 | Snake:3  | Killed Kirke
 32741 | Snake:3  | Received a gift from Okawaru
 33802 | Snake:4  | Entered Level 4 of the Snake Pit
 33812 | Snake:4  | Reached skill level 20 in Unarmed Combat
 33835 | Snake:4  | Noticed Nikola
 33839 | Arena    | Entered the Arena
 33846 | Arena    | Killed Nikola
 34369 | Snake:4  | Reached XP level 18. HP: 117/163 MP: 19/25
 34622 | Snake:4  | Received a gift from Okawaru
 35061 | Snake:4  | Identified the +2 robe of the Cuttlefish {Int+3 Slay+5}
 35297 | Snake:4  | Identified the +3 scale mail of Compassion {Drain rPois
                  | rC+++ Int-2} (Okawaru gifted it to you on level 4 of the
                  | Snake Pit)
 35297 | Snake:4  | Received a gift from Okawaru
 35357 | Snake:4  | Noticed Vashnia
 35398 | Snake:4  | Killed Vashnia
 36107 | Snake:4  | Reached skill level 21 in Unarmed Combat
 37087 | Snake:4  | Got a serpentine rune of Zot
 37263 | Swamp:1  | Entered Level 1 of the Swamp
 38660 | Swamp:1  | Noticed Donald
 38676 | Swamp:1  | Killed Donald
 38688 | Swamp:1  | Noticed Frances
 38698 | Swamp:1  | Killed Frances
 39610 | Swamp:2  | Identified the +7 crystal plate armour of Ruciodiwk {rElec
                  | Dex+6 Stlth+} (Okawaru gifted it to you on level 2 of the
                  | Swamp)
 39610 | Swamp:2  | Received a gift from Okawaru
 40019 | Swamp:3  | Noticed a tentacled monstrosity
 40037 | Swamp:3  | Killed a tentacled monstrosity
 40038 | Swamp:3  | Reached skill level 22 in Unarmed Combat
 40038 | Swamp:3  | Reached XP level 19. HP: 143/170 MP: 19/26
 40564 | Swamp:4  | Entered Level 4 of the Swamp
 40666 | Swamp:4  | Reached skill level 1 in Shields
 41417 | Swamp:4  | Reached skill level 5 in Stealth
 41620 | Swamp:4  | Reached skill level 10 in Dodging
 41781 | Swamp:4  | Received a gift from Okawaru
 43134 | Swamp:4  | Found a blossoming altar of Fedhas.
 43659 | Swamp:4  | Reached skill level 5 in Shields
 43669 | Swamp:4  | Found a basalt altar of Yredelemnul.
 43708 | Swamp:4  | Got a decaying rune of Zot
 44357 | Vaults:1 | Entered Level 1 of the Vaults
 44379 | Vaults:1 | Found a magical portal.
 44388 | WizLab   | Entered Eringya's Formal Garden
 45167 | Arena    | Entered the Arena
 45205 | WizLab   | Got the Vademecum on Vitiation and the Crypt
 45224 | WizLab   | Reached XP level 20. HP: 30/178 MP: 6/27
 45549 | WizLab   | Found a blossoming altar of Fedhas.
 45684 | WizLab   | Received a gift from Okawaru
 46031 | Vaults:1 | Received a gift from Okawaru
 46319 | Vaults:1 | Received a gift from Okawaru
 47159 | Vaults:2 | Found Cuajep's Book Boutique.
 47178 | Vaults:2 | Found Ujefel's General Store.
 47184 | Vaults:2 | Found Wumeups's General Store.
 47233 | Vaults:2 | Found a flickering gateway to a bazaar.
 47240 | Bazaar   | Entered a bazaar
 47247 | Bazaar   | Found Voruec's Distillery.
 47261 | Bazaar   | Found Xoro's Antique Armour Boutique.
 47277 | Bazaar   | Found Tegair's Book Shop.
 47305 | Bazaar   | Found Lyumeiss's Antique Weapon Shop.
 47319 | Bazaar   | Found Ipazylan's Armour Boutique.
 48187 | Vaults:2 | Noticed Jory
 48214 | Vaults:2 | Killed Jory
 48490 | Vaults:2 | Identified the +1 pair of gloves of Ceasil {Rampage rF+++
                  | Int+6 Dex-5} (Okawaru gifted it to you on level 2 of the
                  | Vaults)
 48490 | Vaults:2 | Received a gift from Okawaru
 49442 | Vaults:2 | Reached skill level 10 in Shields
 49442 | Vaults:2 | Reached skill level 23 in Unarmed Combat
 49656 | Vaults:2 | Bought a scroll of teleportation for 57 gold pieces
 50052 | Vaults:2 | Found a staircase to the Crypt.
 50510 | Vaults:2 | Noticed Mennas
 50529 | Vaults:2 | HP: 8/178 [deep troll[a boggart] (4)]
 51643 | Vaults:3 | Reached XP level 21. HP: 161/184 MP: 26/28
 51796 | Vaults:3 | Identified the ring "Vucekh" {rPois rF- rCorr Int+6 Dex+5}
 51851 | Vaults:3 | Found Titued's Book Emporium.
 51866 | Vaults:3 | Bought a manual of Shields for 1680 gold pieces
 51950 | Vaults:3 | Found a crumbling gateway.
 51972 | Desolati | Entered the Desolation of Salt
 52039 | Desolati | Identified the ring "Miklypt" {rC++ Will+++ rCorr Int-5
                  | Dex-2}
 52076 | Desolati | Identified the +1 robe "Ecvuepugg" {Rampage rC- Dex+3
                  | Stlth+} (Okawaru gifted it to you in the Desolation of
                  | Salt)
 52076 | Desolati | Received a gift from Okawaru
 52079 | Desolati | Identified the amulet "Yggyfyn" {rN++ Regen+ rCorr Str-5
                  | Dex-2}
 52184 | Desolati | Reached skill level 24 in Unarmed Combat
 52488 | Desolati | Identified the +5 chain mail of Wasted Space {rPois Str+4
                  | Dex+4}
 52493 | Desolati | Identified the +3 quarterstaff "Killer Klown's Regret"
                  | {freeze, rN+ Will+ Int+4 Dex+4}
 52493 | Desolati | Identified the ring of the Curious Ships {rPois rF+ rC+
                  | Str-3 Dex+4}
 52712 | Desolati | Identified the +1 scimitar of Terror {heavy, *Slow +Blink
                  | rC+ Str+2}
 52714 | Desolati | Identified the +1 pair of boots of Abstinence {Stlth+}
 52794 | Desolati | Identified the amulet "Buintu" {Reflect Contam Will+ Regen+
                  | SH+5}
 53595 | Vaults:3 | Reached skill level 25 in Unarmed Combat
 54614 | Vaults:4 | Identified the +1 robe of Immorality {rPois rCorr} (Okawaru
                  | gifted it to you on level 4 of the Vaults)
 54614 | Vaults:4 | Received a gift from Okawaru
 56268 | Elf:1    | Entered Level 1 of the Elven Halls
 56275 | Elf:1    | Reached XP level 22. HP: 187/192 MP: 29/29
 56413 | Elf:1    | Paralysed by an air elemental for 1 turns
 56417 | Elf:1    | Paralysed by an air elemental for 1 turns
 57142 | Elf:1    | Reached skill level 26 in Unarmed Combat
 57468 | Elf:1    | Found Lonigy's Weapon Boutique.
 57984 | Elf:1    | Paralysed by an air elemental for 1 turns
 57987 | Elf:1    | Paralysed by an air elemental for 1 turns
 58074 | Elf:1    | Found a runed translucent gate.
 58074 | Elf:1    | Found a runed translucent gate.
 58074 | Elf:1    | Found a runed translucent gate.
 58074 | Elf:1    | Found a runed translucent gate.
 58074 | Elf:1    | Found a runed translucent gate.
 58075 | Elf:1    | Found a runed translucent gate.
 58176 | Elf:2    | Paralysed by an air elemental for 1 turns
 58186 | Elf:2    | Paralysed by an air elemental for 1 turns
 58270 | Elf:2    | Found a runed translucent gate.
 58270 | Elf:2    | Found a runed translucent gate.
 58283 | Elf:2    | Noticed Asterion
 58284 | Elf:2    | Found a runed translucent gate.
 58306 | Elf:2    | Killed Asterion
 58879 | Elf:2    | Identified the ring of Yklaa {*Slow Fly rN+ Str+2 Dex+7}
 59051 | Elf:2    | Noticed Jorgrun
 59068 | Elf:2    | Killed Jorgrun
 59074 | Elf:2    | Reached skill level 27 in Unarmed Combat
 59553 | Elf:2    | Identified the +3 robe "Pigul" {rElec} (Okawaru gifted it
                  | to you on level 2 of the Elven Halls)
 59553 | Elf:2    | Received a gift from Okawaru
 59704 | Elf:3    | Entered Level 3 of the Elven Halls
 61434 | Elf:3    | Identified the +7 flail of the Protecting Priest {venom,
                  | Drain rN+ Int+4 Stlth+}
 61434 | Elf:3    | Identified the amulet of the Empty Page {Regen+ Str+5}
 61958 | Elf:3    | Found a bloodstained altar of Trog.
 62200 | Elf:3    | Identified the +4 broad axe "Gyji" {heavy, rN++ Will+
                  | Int-3}
 62201 | Elf:3    | Identified the +6 short sword of Lonuz {drain, rPois rN+
                  | rCorr Int+2}
 62232 | Elf:3    | Reached XP level 23. HP: 201/201 MP: 30/30
 62288 | Elf:3    | Killed from afar by a Tzitzimitl

Illustrated notes

Levels and vault maps discovered:
D:1:      evilmike_arrival_hilbert_curve, layout_basic, serial_park_tiny_1,
          amcnicky_mini_corridor_feature, nicolae_grassy_gnolls
D:2:      layout_basic, minmay_tiny_reverse_x, uniq_sigmund
D:3:      kennysheep_big_flooded_room, layout_rooms,
          mainiacjoe_overflow_alcove_2, nicolae_sif_muna_condensation,
          lemuel_crystal_altar, fedhas_ov_isle_minmay,
          hellmonk_ecumenical_altar_blasted, corner_web_ring
D:4:      layout_gridville, mainiacjoe_overflow_six_doors_small,
          ebering_ghost_rock_garden, st_stairs_6, minmay_joined_circles
D:5:      layout_loops_cross, led_xom_imps, grunt_dithmenos_shadows,
          nicolae_overflow_crystal_walls, cheibrodos_ashenzari_chains,
          serial_shops, shop_scrolls, chequers_serial_rivers_micro_b
D:6:      layout_loops_cross, nicolae_gozag_seed_capital,
          minmay_temple_entry_ruins, serial_glass, glass_columns_b,
          glass_columns_b, uniq_crazy_yiuf_cottage, uniq_maggie, uniq_menkaure
D:7:      layout_cave_pools, nicolae_vehumet_altar_sigil
D:8:      layout_rooms, serial_ice, serial_ice_k, serial_ice_a, serial_ice_d,
          serial_ice_h, serial_ice_b, serial_ice_g
D:9:      layout_loops_ring, lemuel_tele_altar, erik_orc_3,
          hangedman_decor_diamond_cutter
D:10:     layout_rooms, enter_trove_0, lightli_wizard_tower
D:11:     layout_gridville, erik_lair_orcish_takeover
D:12:     layout_rooms, gammafunk_ghost_hydra_chop, uniq_erolcha
D:13:     layout_loops_ring, david_vaults_3
D:14:     cheibrodos_body_horror, layout_stronghold, serial_bayou_pond_b,
          eino_tiny_chamber
D:15:     grunt_enter_depths_snipers, layout_loops_ring,
          nicolae_uskayaw_en_pointe
Temple:   dpeg_chambers_temple
Lair:1:   layout_hall_layers
Lair:2:   layout_chaotic_city, gammafunk_ghost_grave, uniq_fannar
Lair:3:   layout_loops_ring, skrybe_swamp_entry_bodies,
          minmay_snake_entry_six_corridors, serial_bayou, serial_bayou_lagoon_a,
          serial_bayou_lake_a, serial_bayou_pond_a, serial_bayou_pond_e
Lair:4:   layout_loops_ring, dpeg_slime_entry_corner, grunt_megastairs_4
Lair:5:   evil_forest, layout_regular_city, basic_altar
Swamp:1:  layout_basic_swamp, evilmike_swamp_ruin_house_1, uniq_donald,
          uniq_frances
Swamp:2:  layout_basic_swamp, evilmike_swamp_ruin_rubble_1, swamp_pool5,
          infiniplex_staircase_pool
Swamp:3:  layout_falls_marsh, nicolae_swamp_round_clearing, swamp_pool1,
          nicolae_swamp_spriggan_camp
Swamp:4:  byrel_swamp_growth_death_and_undeath, layout_basic_swamp, swamp_pool2,
          nicolae_swamp_orc_logging_accident, nicolae_swamp_spooky_pond
Snake:1:  cheibrodos_snake_ritualist_ritual, layout_concentric_octagons,
          uniq_aizul, uniq_rupert
Snake:2:  layout_rooms
Snake:3:  layout_layer_cave, nicolae_snake_snakewalk, uniq_kirke,
          uniq_bai_suzhen, uniq_mara
Snake:4:  grunt_snake_rune_spirals, layout_onion, uniq_vashnia, uniq_nikola
Orc:1:    layout_diamond_mine, basic_altar, serial_shops, shop
Orc:2:    grunt_orc_cross, layout_caves, ebering_ghost_xom
Elf:1:    layout_rooms, serial_shops, nicolae_shop_bloodbath_and_beyond,
          orc_legates, guppyfry_library_mini
Elf:2:    elven_hall_of_blades_hangedman_original
          [infiniplex_blade_entry_pillars], layout_loops_cross,
          kilobyte_mutagenic_chamber, uniq_jorgrun, uniq_asterion
Elf:3:    minmay_elf_hall_spiked, layout_geoelf_castle,
          evilmike_spriggan_trog_shrine
Vaults:1: mu_enter_wizlab_5, hangedman_vaults_impose, vaults_room_pools,
          vaults_room_hallway, vaults_mumra_hex, vaults_mumra_lcd,
          vaults_room_corners, v_misc_18, ontoclasm_vaults_twist,
          st_smaller_cells, grunt_vaults_hallway_short, vaults_dpeg_ring,
          vaults_room_corners, layout_vaults_ring
Vaults:2: nicolae_vaults_minivaults, nicolae_vaults_little_squares_3,
          minmay_crypt_entry_simple_statues, nicolae_vaults_alarming, v_misc_28,
          vaults_room_ringed_pool, v_rooms_3, layout_vaults_omnigrid,
          serial_shops, bzr_entry_safe, shop_statue, shop, shop, uniq_jory,
          uniq_mennas
Vaults:3: portal_desolation_entry_nicolae_nacl, vaults_room_octagon,
          vaults_room_grid, ontoclasm_vaults_chip, v_misc_2, v_misc_16,
          v_rooms_1, hangedman_vaults_cutoff, grunt_vaults_funnel,
          vaults_dpeg_diagonal, layout_vaults_big_room, serial_shops, shop
Vaults:4: hangedman_vaults_locks, nicolae_vaults_little_ls, vaults_dpeg_doors,
          vaults_room_pools, v_misc_12, v_pattern_1,
          nicolae_vaults_back_hallway, v_misc_24, ontoclasm_vaults_ring_large,
          grunt_vaults_hallway_short, ontoclasm_vaults_fault,
          nicolae_vaults_little_squares_4, layout_vaults_omnibox, uniq_margery

Skill      XL: |  1  2  3  4  5  6  7  8  9 10 11 12 13 14 15 16 17 18 19 20 21 22 |
---------------+-------------------------------------------------------------------+-----
Fighting       | 4 5 6 8 9 10 11 13 14 15 | 15.8
Unarmed Combat | 4 5 6 8 9 10 11 13 14 15 16 18 20 22 23 25 27 | 27.0
Armour         | 1 2 3 5 6 8 9 10 11 12 13 15 17 18 | 18.4
Invocations    | 4 6 9 10 11 | 11.7
Dodging        | 4 7 8 9 11 12 | 12.7
Stealth        | 8 |  8.0
Shields        | 6 10 12 13 | 13.4

Action                   |  1- 3 |  4- 6 |  7- 9 | 10-12 | 13-15 | 16-18 | 19-21 | 22-24 || total
-------------------------+-------+-------+-------+-------+-------+-------+-------+-------++-------
Melee: Unarmed           |    85 |   154 |   425 |   703 |  1386 |  1278 |  1819 |   770 ||  6620
       Punch             |     2 |     4 |    16 |    55 |   145 |   200 |   102 |       ||   524
Throw: Throwing net      |       |       |       |       |     1 |       |       |       ||     1
Invok: Heroism           |       |       |     2 |     7 |     7 |     9 |    11 |     2 ||    38
       Finesse           |       |       |       |       |     1 |     1 |       |       ||     2
       Duel              |       |       |       |       |       |     1 |     1 |       ||     2
Evoke: Wand              |       |       |       |     1 |       |       |     8 |       ||     9
  Use: Scroll            |       |     3 |     8 |     5 |    10 |     7 |     7 |     1 ||    41
       Potion            |       |       |       |     4 |     4 |       |    11 |       ||    19
 Stab: Sleeping          |     4 |       |     1 |       |       |       |       |       ||     5
       Distracted        |       |       |       |       |       |       |       |     1 ||     1
Armor: Robe              |     7 |     4 |       |       |       |       |       |       ||    11
       Scale mail        |       |    55 |    79 |       |       |       |       |       ||   134
       Swamp dragon scal |       |       |    55 |   240 |   336 |       |       |       ||   631
       Crystal plate arm |       |       |       |       |   271 |   732 |  1181 |   478 ||  2662
       Plate armour      |       |       |       |       |    90 |       |       |       ||    90
Dodge: Dodged            |    41 |   160 |   476 |   481 |  1003 |   808 |   910 |   182 ||  4061
Block: Kite shield       |       |       |       |       |       |       |   735 |   342 ||  1077

Table legend: (Time is in decaauts)
 A = Elapsed time spent in this place.
 B = Non-inter-level travel time spent in this place.
 C = Inter-level travel time spent in this place.
 D = Time resting spent in this place.
 E = Time spent auto-exploring this place.
 F = Levels seen in this place.
 G = Mean time per level.
                   A        B        C        D        E       F      G
               +--------+--------+--------+--------+--------+-----+--------+
         Total |  60635 |  57656 |   2979 |  17248 |  27829 |  43 | 1410.1 |
       Dungeon |  18830 |  17494 |   1336 |   3454 |  10456 |  15 | 1255.3 |
        Temple |    689 |    661 |     28 |    480 |    117 |   1 |  689.0 |
          Lair |   8394 |   7990 |    404 |   2013 |   4427 |   5 | 1678.8 |
         Swamp |   6052 |   5765 |    287 |   2445 |   2116 |   4 | 1513.0 |
     Snake Pit |   7657 |   7417 |    240 |   2303 |   3439 |   4 | 1914.2 |
  Orcish Mines |   3290 |   3073 |    217 |   1444 |   1003 |   2 | 1645.0 |
   Elven Halls |   4723 |   4688 |     35 |   1653 |   1965 |   3 | 1574.3 |
        Vaults |   8656 |   8227 |    429 |   2645 |   3663 |   4 | 2164.0 |
        Bazaar |    115 |    115 |      0 |      0 |    105 |   1 |  115.0 |
        Wizlab |   1302 |   1302 |      0 |    708 |    254 |   1 | 1302.0 |
    Desolation |    872 |    872 |      0 |     70 |    283 |   1 |  872.0 |
         Arena |     50 |     50 |      0 |     31 |      0 |   2 |   25.0 |
               +--------+--------+--------+--------+--------+-----+--------+

Top non-repeatable levels by time:
 Swamp:4: 3251 daAuts
 Snake:4: 3211 daAuts
Vaults:2: 2704 daAuts
  Lair:3: 2619 daAuts
Vaults:1: 2611 daAuts
   Elf:3: 2174 daAuts
   Orc:2: 2073 daAuts
 Snake:3: 2041 daAuts
  Lair:5: 1916 daAuts
Vaults:3: 1899 daAuts
    D:11: 1838 daAuts
   Elf:2: 1749 daAuts
 Snake:1: 1728 daAuts
     D:9: 1684 daAuts
    D:14: 1667 daAuts
